 Dungeon Crawl Stone Soup version 0.31.0-12-g77e489cdc1 (webtiles) character file.

Game seed: 8994517510377132784

175308 DemonSlayer the Eclecticist (level 17, -7/116 HPs)
             Began as a Demonspawn Earth Elementalist on Feb 16, 2024.
             Was the Champion of Jiyva.
             Mangled by a naga warrior
             ... wielding a +0 trident
              (10 damage)
             ... on level 2 of the Snake Pit on Feb 17, 2024.
             The game lasted 01:25:56 (28740 turns).

DemonSlayer the Eclecticist (DsEE)                 Turns: 28740, Time: 01:25:57

Health: -7/116     AC: 17    Str:  9    XL:     17   Next: 47%
Magic:  0/44       EV: 19    Int: 19    God:    Jiyva [******]
Gold:   2121       SH:  0    Dex: 23    Spells: 24/48 levels left

rFire   . . .        v - staff of the Vestibule of Hell {^Contam rElec rPois Int+2 Dex+3 Alchemy}
rCold   . . .        (no shield)
rNeg    . . .        D - +3 leather armour "Luretoffat" {rElec rPois rC- Will+}
rPois   +            c - +2 hat {Stlth+}
rElec   +            m - +1 cloak
rCorr   +            o - +0 pair of gloves
SInv    .            (boots unavailable)
Will    +++++        T - brooch of Shielding {Spirit SH+8}
Stlth   +++          i - +4 ring of protection
HPRegen 1.99/turn    I - ring of poison resistance
MPRegen 1.09/turn

%: guardian spirit
@: confused, mighty, ambrosia-drunk
A: antennae 1, hooves 3, foul stench 2, powered by death 3, demonic touch 2,
large bone plates 1, cold resistance 1, high MP 2, strong-willed 3, wild magic
1, acidic bite, gelatinous body 1, MP-powered wands
a: Renounce Religion, Oozemancy, Slimify


You were on level 2 of the Snake Pit.
You worshipped Jiyva.
Jiyva was exalted by your worship.
You visited 6 branches of the dungeon, and saw 28 of its levels.
You visited the Abyss 1 time.
You also visited: Sewer and Volcano.

You collected 3482 gold pieces.
You spent 1361 gold pieces at shops.

Inventory:

Hand Weapons
 h - a +7 dagger of protection
Missiles
 w - 2 darts of dispersal
 L - 4 silver javelins
Armour
 c - a +2 hat of stealth (worn)
 m - a +1 cloak (worn)
 o - a +0 pair of gloves (worn)
 D - the +3 leather armour "Luretoffat" (worn) {rElec rPois rC- Will+}
   (You found it on level 8 of the Dungeon)

   rC-:       It makes you vulnerable to cold.
   rElec:     It insulates you from electricity.
   rPois:     It protects you from poison Will+: It increases your willpower.
Magical Staves
 v - the staff of the Vestibule of Hell (weapon) {^Contam rElec rPois Int+2 Dex+3 Alchemy}
   (You found it on level 5 of the Lair of Beasts)

   [staff of alchemy]

   Base accuracy: +5 Base damage: 5 Base attack delay: 1.2 This weapon's minimum
   attack delay (0.6) is reached at skill level 12.
   Int+2:     It affects your intelligence (+2).
   Dex+3:     It affects your dexterity (+3).
   rElec:     It insulates you from electricity.
   rPois:     It protects you from poison ^Contam: It causes magical
   contamination when unequipped.
   Alchemy:   It increases the power of your Alchemy spells.
   It falls into the 'Staves' category.
   It is a one-handed weapon.
Jewellery
 b - a ring of positive energy
 e - a ring of wizardry
 f - a ring of positive energy
 i - a +4 ring of protection (left hand)
 p - a ring of willpower
 u - a ring of protection from cold
 A - a ring of flight
 C - a ring of see invisible
 I - a ring of poison resistance (right hand)
 R - a ring of willpower
 T - the brooch of Shielding (around neck) {Spirit SH+8}
   (You bought it in a shop on level 2 of the Orcish Mines)

   [amulet of guardian spirit]

   Spirit:    It causes incoming damage to be divided between your reserves of
   health and magic.
   SH+8:      It affects your SH (+8).
Wands
 r - a wand of flame (12)
 z - a wand of paralysis (1)
 G - a wand of polymorph (4)
 H - a wand of roots (4)
 J - a wand of digging (4)
Scrolls
 d - a scroll of blinking
 j - 3 scrolls of fear
 k - 8 scrolls of teleportation
 l - 3 scrolls of enchant armour
 y - 2 scrolls of fog
 B - 4 scrolls of vulnerability
 K - 3 scrolls of amnesia
 O - a scroll of immolation
 P - a scroll of poison
Potions
 a - 3 potions of enlightenment
 s - 3 potions of brilliance
 t - a potion of mutation
 x - a potion of curing
 E - a potion of cancellation
 F - a potion of invisibility {unknown}
 N - 2 potions of lignification
 Q - 2 potions of haste
 S - 3 potions of attraction {unknown}
Miscellaneous
 n - a sack of spiders
 M - a lightning rod (4/4)


   Skills:
 + Level 5.7 Fighting
 + Level 3.5 Short Blades
 + Level 2.4 Staves
 + Level 5.1 Armour
 + Level 8.5 Dodging
 + Level 8.0 Stealth
 + Level 5.2 Shields
 + Level 16.2 Spellcasting
 + Level 15.3 Conjurations
 + Level 0.2 Translocations
 + Level 15.1 Earth Magic
 + Level 0.2 Alchemy
 + Level 1.4 Evocations


You had 24 spell levels left.
You knew the following spells:

 Your Spells              Type           Power      Damage    Failure   Level
a - Sandblast             Erth           100%       2d20      1%          1
b - Stone Arrow           Conj/Erth      100%       3d13      1%          3
c - Petrify               Alch/Erth      72%        N/A       4%          4
d - Blink                 Tloc           42%        N/A       11%         2
e - Passwall              Erth           76%        N/A       1%          3
f - Brom's Barrelling Bo  Conj/Erth      77%        2d9       1%          4
g - Swiftness             Air            20%        N/A       22%         3
h - Dispel Undead         Necr           20%        3d11      54%         4

Your spell library contained the following spells:

 Spells                   Type           Power      Damage    Failure   Level
 Kiss of Death            Conj/Necr      100%       2d13      1%          1
 Magic Dart               Conj           100%       1d8       1%          1
 Shock                    Conj/Air       100%       1d9       1%          1
 Hailstorm                Conj/Ice       55%        3d11      1%          3
 Freeze                   Ice            80%        1d9       9%          1
 Slow                     Hex            80%        N/A       9%          1
 Call Imp                 Summ           40%        N/A       12%         2
 Ensorcelled Hibernation  Hex/Ice        40%        N/A       12%         2
 Jinxbite                 Hex            40%        N/A       12%         2
 Confusing Touch          Hex            20%        N/A       22%         3
 Frozen Ramparts          Ice            40%        1d7       22%         3
 Sigil of Binding         Hex            20%        N/A       22%         3
 Summon Ice Beast         Ice/Summ       20%        N/A       22%         3
 Vampiric Draining        Necr           20%        2d7       22%         3
 Airstrike                Air            10%        2d(2-18)  54%         4
 Yara's Violent Unravell  Hex/Alch       15%        3d8       86%         5
 Sculpt Simulacrum        Ice/Alch       15%        N/A       100%        6
 Enfeeble                 Hex            10%        N/A       100%        7
 Ozocubu's Refrigeration  Ice            10%        4d9       100%        7
 Polar Vortex             Ice            10%        12d1*     100%        9


Dungeon Overview and Level Annotations

Branches:
Dungeon (15/15)            Temple (0/1) D:7            Lair (5/5) D:9
  Swamp (2/4) Lair:2        Snake (3/4) Lair:2        Slime (0/5) Lair:4
    Orc (2/2) D:11            Elf (1/3) Orc:2        Vaults (0/5) D:14
 Depths (0/4) D:15          Sewer (visited)         Volcano (visited)

Altars:
Gozag
Wu Jian
Yredelemnul
Jiyva

Shops:
D:9 *   D:12 =   D:14 *   Orc:2 ==[**   Elf:1 *   Snake:1 [

Portals:
Trove: D:13 (give 6 potions of haste)

Annotations:
D:7 1 runed translucent door
Lair:1 1 runed translucent door, Caczuus's ghost, novice SpEE
Lair:3 2 transporters, hawkwood's ghost, journeyman DgAr


Innate Abilities, Weirdness & Mutations

You have a pair of small antennae on your head.
You have hooves in place of feet.
You sometimes emit foul miasma when damaged in melee.
You regenerate a lot of health from kills.
Your touch may inflict irresistible damage on your foes.
You are partially covered in large bone plates. (SH +4)
Your flesh is cold resistant. (rC+)
You have a considerably increased reservoir of magic. (+20% MP)
You are extremely strong-willed. (Will+++)
Your spells are a little harder to cast, but a little more powerful.
You have acidic saliva.
Your rubbery body absorbs attacks. (AC +1, EV +1)
You expend magic power (3 MP) to strengthen your wands.


Message History

You are out of magic!
You are out of magic!
The naga warrior attacks as it pursues you!
The naga warrior hits you from afar with a +0 trident!
The salamander attacks as it pursues you!
The salamander completely misses you.
You feel very mighty all of a sudden. You block the salamander's attack.
The salamander hits you with a +1 antimagic glaive!!
You are engulfed in flames!
You feel your power leaking away.
You closely miss the salamander. You kick the salamander!
You bite the salamander.
The acid corrodes the salamander!
The salamander is heavily wounded.
The salamander hits you with a +1 antimagic glaive!
* * * LOW HITPOINT WARNING * * *
You are engulfed in flames!
* * * LOW HITPOINT WARNING * * *
You feel your power leaking away.
You emit a cloud of foul miasma!
You block the naga warrior's attack.
Okay, then.
You are confused.
You feel invigorated.
The salamander is engulfed in dark miasma.
The salamander is poisoned.
The salamander misses you.
The naga warrior hits you from afar with a +0 trident!
* * * LOW HITPOINT WARNING * * *
You hit the salamander. Your touch misses the salamander.
You bite the salamander.
The salamander seems to be corroded for longer.
The salamander is severely wounded.
The salamander is engulfed in dark miasma.
The salamander looks even sicker.
The salamander hits you with a +1 antimagic glaive!!
* * * LOW HITPOINT WARNING * * *
You are engulfed in flames!
* * * LOW HITPOINT WARNING * * *
You feel your power leaking away.
The naga warrior hits you from afar with a +0 trident!
You die...

#........
#........
#........
#.....?..
#........
#........
######........
#..@NN...).#
#.########.#
#.# #.# #.#
#.# #.# #.#
#.########


You could see a naga warrior and a salamander (strong, very poisoned, corroded).

Vanquished Creatures
  Frances (Elf:1)
  The ghost of LoggersVIII the Unseen, an adept OpEE of Jiyva (Snake:2)
  Roxanne (Snake:1)
  An orc warlord (Orc:2)
  Nessos (D:14)
  A deep elf death mage (Elf:1)
  A dire elephant (Lair:5)
  5 bunyips
  A deep elf annihilator (Elf:1)
  An ettin (D:15)
  A fire dragon (Lair:5)
  An entropy weaver (shapeshifter) (D:15)
  An ogre mage (D:13)
  2 salamander tyrants (Snake:2)
  6 anacondas
  5 alligators
  13 hydras
  A catoblepas (Lair:5)
  Erica (D:8)
  6 centaur warriors
  5 dancing weapons (Elf:1)
  7 boulder beetles
  7 two-headed ogres
  7 death yaks
  A death knight (D:13)
  6 tengu warriors
  2 naga warriors
  3 shock serpents
  4 orc high priests
  A sun demon (Volcano)
  A hell knight (D:15)
  3 deep elf knights (Elf:1)
  11 naga sharpshooters
  A salamander mystic (Snake:2)
  A skeletal warrior (D:13)
  A goliath frog (Swamp:1)
  6 naga ritualists
  An arcanist (D:14)
  8 bog bodies
  8 deep elf archers (Elf:1)
  6 mana vipers
  Pikel (D:5)
  2 lindwurms (Lair:5)
  A necromancer (D:15)
  17 deep elf pyromancers
  9 orc sorcerers
  A wolf spider (Lair:5)
  5 orc knights
  8 deep elf zephyrmancers (Elf:1)
  2 ugly things
  8 cyclopes
  4 manticores
  10 salamanders
  3 kobold blastminers
  A meliai (D:15)
  6 naga magi
  A will-o-the-wisp (Swamp:2)
  8 elephants
  2 molten gargoyles (Volcano)
  6 torpor snails (Lair:5)
  2 gargoyles
  A guardian serpent (Snake:2)
  25 black mambas
  13 cane toads
  Maggie (D:8)
  A yaktaur (D:13)
  3 kobold demonologists
  4 rime drakes
  12 komodo dragons
  A red devil (Volcano)
  2 trolls (Orc:2)
  2 tengu conjurers
  9 hornets
  Prince Ribbit (D:6)
  6 polar bears
  3 dream sheep (Lair:5)
  8 tyrant leeches
  13 blink frogs
  2 shadows
  2 water elementals (Elf:1)
  A vampire (D:14)
  2 spriggans (Swamp:1)
  Grum (D:10)
  4 wyverns
  4 air elementals (Elf:1)
  44 yaks
  3 fire elementals (Elf:1)
  4 wraiths
  2 fire bats (Volcano)
  24 vampire mosquitoes
  8 basilisks
  8 wargs
  9 swamp worms
  An acid dragon (D:8)
  24 nagas
  15 water moccasins
  2 hell hounds (Volcano)
  20 orc warriors
  2 swamp drakes (Swamp:2)
  A sky beast (D:8)
  An ice beast (shapeshifter) (D:13)
  2 black bears
  6 ogres
  20 wolves
  4 centaurs
  A phantom (D:3)
  3 lemures
  15 bullfrogs
  2 scorpions (D:9)
  An earth elemental (Elf:1)
  5 wights
  2 electric eels
  7 howler monkeys
  3 bombardier beetles
  10 lava snakes
  4 hounds
  18 orc priests
  3 sleepcaps
  2 jellies (Sewer)
  25 orc wizards
  3 iguanas
  A boggart simulacrum (D:15)
  3 gnolls (D:8)
  A river rat (Sewer)
  11 adders
  3 white imps
  3 dart slugs
  2 ribbon worms (Sewer)
  56 orcs
  8 bats
  8 endoplasms
  8 giant cockroaches
  4 goblins
  A hobgoblin (D:1)
  4 jackals (D:4)
  3 quokkas
  5 ball pythons
  6 frilled lizards
  14 kobolds
  2 rats
806 creatures vanquished.

Vanquished Creatures (collateral kills)
  Jorgrun (Elf:1)
  Gastronok (Lair:2)
  2 skeletal warriors (D:13)
  A lindwurm (Lair:5)
  A deep elf zephyrmancer (Elf:1)
  A vampire mosquito (D:13)
  An ogre (D:13)
8 creatures vanquished.

Vanquished Creatures (others)
  An alligator (Swamp:2)
  2 deep elf knights (Elf:1)
  2 deep elf archers (Elf:1)
  A mana viper (Snake:1)
  A meliai (D:15)
  A black mamba (Snake:1)
  2 rime drakes
  2 bloated husks
  A slime creature (D:12)
  A troll (shapeshifter) (Elf:1)
  A shadow (D:12)
  A wraith (D:12)
  A yak (D:11)
  2 nagas (Snake:1)
  An acid dragon (D:12)
  An ice beast (D:7)
  A centaur (D:6)
  A bullfrog (D:8)
  130 jellies
  2 orc priests
  2 orc wizards
  8 orcs
  3 rats (Sewer)
168 creatures vanquished.

Grand Total: 982 creatures vanquished

Notes
Turn   | Place    | Note
-------+----------+-------------------------------------------
     0 | D:1      | DemonSlayer the Demonspawn Earth Elementalist began the
                  | quest for the Orb.
     0 | D:1      | Reached XP level 1. HP: 13/13 MP: 3/3
   271 | D:1      | Discovered your monstrous ancestry.
   271 | D:1      | Gained mutation: Your touch may inflict minor irresistible
                  | damage on your foes. [demonic ancestry]
   271 | D:1      | Reached XP level 2. HP: 19/19 MP: 3/5
   803 | D:2      | Gained mutation: You regenerate a little health from kills.
                  | [demonic ancestry]
   803 | D:2      | Reached XP level 3. HP: 24/24 MP: 4/6
   807 | D:2      | Learned a level 3 spell: Stone Arrow
  1938 | D:3      | Noticed a phantom
  1947 | D:3      | Killed a phantom
  1948 | D:3      | Reached skill level 3 in Spellcasting
  1948 | D:3      | Reached XP level 4. HP: 20/30 MP: 1/9
  1948 | D:3      | Gained mutation: You regenerate health from kills. [demonic
                  | ancestry]
  1948 | D:3      | Reached XP level 5. HP: 23/35 MP: 1/10
  2347 | D:3      | Learned a level 4 spell: Petrify
  2350 | D:3      | Learned a level 2 spell: Blink
  2518 | D:4      | Found a basalt altar of Yredelemnul.
  2676 | D:4      | Noticed Pikel
  2678 | D:4      | Noticed a lemure
  2678 | D:4      | Noticed a lemure
  2678 | D:4      | Noticed a lemure
  2679 | D:4      | Noticed a lemure
  2683 | D:5      | Entered Level 5 of the Dungeon
  2850 | D:5      | Gained mutation: Your flesh is cold resistant. (rC+)
                  | [potion of mutation]
  2850 | D:5      | Gained mutation: You occasionally lose the ability to drink
                  | potions when taking damage. [potion of mutation]
  2850 | D:5      | Gained mutation: You are frail. (-10% HP) [potion of
                  | mutation]
  2850 | D:5      | Gained mutation: Your muscles are strong. (Str +4, Int/Dex
                  | -1) [potion of mutation]
  2865 | D:5      | Reached skill level 4 in Spellcasting
  2865 | D:5      | Reached XP level 6. HP: 36/36 MP: 0/12
  2865 | D:5      | Lost mutation: Your muscles are strong. (Str +4, Int/Dex
                  | -1) [potion of mutation]
  2865 | D:5      | Lost mutation: You occasionally lose the ability to drink
                  | potions when taking damage. [potion of mutation]
  2865 | D:5      | Lost mutation: Your flesh is cold resistant. (rC+) [potion
                  | of mutation]
  2865 | D:5      | Gained mutation: Your body sometimes deteriorates upon
                  | taking damage. [potion of mutation]
  2865 | D:5      | Gained mutation: Your movements are slightly less
                  | encumbered by armour. (ER -2) [potion of mutation]
  2865 | D:5      | Lost mutation: You are frail. (-10% HP) [potion of
                  | mutation]
  2871 | D:5      | Lost mutation: Your movements are slightly less encumbered
                  | by armour. (ER -2) [potion of mutation]
  2871 | D:5      | Lost mutation: Your body sometimes deteriorates upon taking
                  | damage. [potion of mutation]
  2871 | D:5      | Gained mutation: You passively dampen the noise of your
                  | surroundings. [potion of mutation]
  2871 | D:5      | Gained mutation: Your mind is acute. (Int +4, Str/Dex -1)
                  | [potion of mutation]
  2871 | D:5      | Gained mutation: Your muscles are strong. (Str +4, Int/Dex
                  | -1) [potion of mutation]
  2871 | D:5      | Gained mutation: You have large cloven feet. [potion of
                  | mutation]
  3121 | D:5      | Noticed a yak
  3122 | D:5      | Noticed a yak
  3130 | D:5      | Killed a yak
  3131 | D:5      | Reached XP level 7. HP: 47/47 MP: 2/14
  3168 | D:5      | Killed a yak
  3169 | D:5      | Reached skill level 5 in Spellcasting
  3169 | D:5      | Reached skill level 5 in Earth Magic
  3255 | D:5      | Noticed a yak
  3255 | D:5      | Noticed a yak
  3816 | D:5      | Reached skill level 1 in Fighting
  4148 | D:4      | Noticed a yak
  4149 | D:4      | Noticed a yak
  4149 | D:4      | Noticed a yak
  4489 | D:5      | Killed Pikel
  4490 | D:5      | Reached skill level 1 in Short Blades
  4490 | D:5      | Gained mutation: You may rarely emit foul miasma when
                  | damaged in melee. [demonic ancestry]
  4490 | D:5      | Reached XP level 8. HP: 51/54 MP: 3/16
  4751 | D:4      | Reached skill level 6 in Spellcasting
  5072 | D:4      | Learned a level 3 spell: Passwall
  5077 | D:4      | Learned a level 4 spell: Brom's Barrelling Boulder
  5269 | D:6      | Found a glowing drain.
  5284 | Sewer    | Entered a sewer
  5540 | Sewer    | Gained mutation: You sometimes emit foul miasma when
                  | damaged in melee. [demonic ancestry]
  5540 | Sewer    | Reached XP level 9. HP: 59/59 MP: 6/18
  5644 | Sewer    | Found a viscous altar of Jiyva.
  5657 | Sewer    | Became a worshipper of Jiyva Joergh the Shapeless
  6412 | D:6      | Noticed Prince Ribbit
  6419 | D:6      | Killed Prince Ribbit
  6534 | D:6      | Reached * piety under Jiyva
  6716 | D:7      | Noticed a sixfirhy
  6716 | D:7      | Found a runed translucent door.
  6840 | D:7      | Found a staircase to the Ecumenical Temple.
  6896 | D:7      | Reached skill level 5 in Conjurations
  7240 | D:8      | Reached skill level 7 in Spellcasting
  7252 | D:8      | Noticed Erica
  7262 | D:8      | Killed Erica
  7263 | D:8      | Reached skill level 5 in Stealth
  7303 | D:8      | Reached ** piety under Jiyva
  7322 | D:8      | Noticed Maggie
  7328 | D:8      | Killed Maggie
  7329 | D:8      | Mutation became permanent: You have large cloven feet.
                  | [demonic ancestry]
  7329 | D:8      | Gained mutation: You have large cloven feet. [demonic
                  | ancestry]
  7329 | D:8      | Reached XP level 10. HP: 67/67 MP: 13/21
  7766 | D:8      | Identified the +3 leather armour "Luretoffat" {rElec rPois
                  | rC- Will+}
  8160 | D:9      | Reached skill level 8 in Spellcasting
  8324 | D:9      | Reached *** piety under Jiyva
  8581 | D:9      | Found Deutos's CLEARANCE SALE!.
  8599 | D:9      | Bought a scroll of identify for 6 gold pieces
  8599 | D:9      | Bought a scroll of identify for 6 gold pieces
  8599 | D:9      | Bought a wand of polymorph (6) for 25 gold pieces
  8605 | D:9      | Lost mutation: Your mind is acute. (Int +4, Str/Dex -1)
                  | [Jiyva's grace]
  8605 | D:9      | Gained mutation: Armour fits poorly on your pseudopods.
                  | [Jiyva's grace]
  8605 | D:9      | Gained mutation: Armour fits poorly on your large
                  | pseudopods. [Jiyva's grace]
  8605 | D:9      | Gained mutation: Armour fits poorly on your massive
                  | pseudopods. [Jiyva's grace]
  8605 | D:9      | Gained mutation: Your spells are a little harder to cast,
                  | but a little more powerful. [Jiyva's grace]
  8670 | D:9      | Found a staircase to the Lair.
  8789 | D:9      | Found an ornate altar of the Wu Jian Council.
  8802 | D:9      | Learned a level 3 spell: Swiftness
  8807 | D:9      | Learned a level 4 spell: Dispel Undead
  8833 | Lair:1   | Entered Level 1 of the Lair of Beasts
  8856 | Lair:1   | Noticed a cane toad
  8863 | Lair:1   | Killed a cane toad
  8878 | Lair:1   | Reached **** piety under Jiyva
  8904 | Lair:1   | Reached skill level 1 in Armour
  9007 | Lair:1   | Found a runed translucent door.
  9008 | Lair:1   | Noticed Caczuus's ghost (novice SpEE)
  9044 | Lair:1   | Noticed a cane toad
  9051 | Lair:1   | Killed a cane toad
  9052 | Lair:1   | Reached skill level 9 in Spellcasting
  9076 | Lair:1   | Noticed a cane toad
  9082 | Lair:1   | Killed a cane toad
  9147 | Lair:1   | Found an opulent altar of Gozag.
  9169 | Lair:1   | Gained mutation: You regenerate a lot of health from kills.
                  | [demonic ancestry]
  9169 | Lair:1   | Reached XP level 11. HP: 62/74 MP: 2/24
  9546 | Lair:1   | Reached ***** piety under Jiyva
 10298 | Lair:2   | Lost mutation: Your muscles are strong. (Str +4, Int/Dex
                  | -1) [Jiyva's grace]
 10298 | Lair:2   | Lost mutation: Armour fits poorly on your massive
                  | pseudopods. [Jiyva's grace]
 10298 | Lair:2   | Lost mutation: Armour fits poorly on your large pseudopods.
                  | [Jiyva's grace]
 10298 | Lair:2   | Gained mutation: Your body has grown eyes which may confuse
                  | attackers. (Acc +3) [Jiyva's grace]
 10298 | Lair:2   | Gained mutation: Your body has grown many eyes which may
                  | confuse attackers. (Acc +5) [Jiyva's grace]
 10298 | Lair:2   | Gained mutation: Your body is covered in eyes which may
                  | confuse attackers. (Acc +7, SInv) [Jiyva's grace]
 10298 | Lair:2   | Gained mutation: Your spells are harder to cast, but more
                  | powerful. [Jiyva's grace]
 10548 | Lair:2   | Found a staircase to the Snake Pit.
 10554 | Lair:2   | Noticed a seven-headed hydra
 10566 | Lair:2   | Killed a seven-headed hydra
 10685 | Lair:2   | Noticed an eight-headed hydra
 10690 | Lair:2   | Killed an eight-headed hydra
 10724 | Lair:2   | Reached skill level 10 in Spellcasting
 10902 | Lair:2   | Noticed an eight-headed hydra
 10908 | Lair:2   | Killed an eight-headed hydra
 10909 | Lair:2   | Reached skill level 5 in Dodging
 10916 | Lair:2   | Found a staircase to the Swamp.
 10991 | Lair:2   | Noticed Gastronok
 11005 | Lair:2   | Killed Gastronok
 11006 | Lair:2   | Gained mutation: You have hoof-like feet. [demonic
                  | ancestry]
 11006 | Lair:2   | Reached XP level 12. HP: 64/81 MP: 13/26
 11618 | Lair:3   | Noticed a five-headed hydra
 11626 | Lair:3   | Killed a five-headed hydra
 11638 | Lair:3   | Reached skill level 10 in Earth Magic
 11667 | Lair:3   | Noticed a boulder beetle
 11675 | Lair:3   | Killed a boulder beetle
 11844 | Lair:3   | Noticed hawkwood's ghost (journeyman DgAr)
 11854 | Lair:3   | Found a transporter.
 11933 | Lair:3   | Reached skill level 11 in Spellcasting
 11997 | Lair:3   | Noticed a four-headed hydra
 12005 | Lair:3   | Killed a four-headed hydra
 12137 | Lair:3   | Found a transporter.
 12649 | Lair:4   | Reached ****** piety under Jiyva
 12781 | Lair:4   | Found a staircase to the Slime Pits.
 12781 | Lair:4   | Found a viscous altar of Jiyva.
 12828 | Lair:4   | Reached skill level 10 in Conjurations
 12854 | Lair:4   | Lost mutation: Your body is covered in eyes which may
                  | confuse attackers. (Acc +7, SInv) [Jiyva's grace]
 12854 | Lair:4   | Lost mutation: Armour fits poorly on your pseudopods.
                  | [Jiyva's grace]
 12854 | Lair:4   | Lost mutation: You passively dampen the noise of your
                  | surroundings. [Jiyva's grace]
 12854 | Lair:4   | Gained mutation: Your mind is acute. (Int +4, Str/Dex -1)
                  | [Jiyva's grace]
 12854 | Lair:4   | Gained mutation: Your mind is very acute. (Int +8, Str/Dex
                  | -2) [Jiyva's grace]
 12854 | Lair:4   | Gained mutation: You are partially covered in large bone
                  | plates. (SH +4) [Jiyva's grace]
 12854 | Lair:4   | Gained mutation: You are mostly covered in large bone
                  | plates. (SH +6) [Jiyva's grace]
 12871 | Lair:4   | Reached XP level 13. HP: 67/87 MP: 7/28
 13403 | Lair:5   | Entered Level 5 of the Lair of Beasts
 13449 | Lair:5   | Noticed a fire dragon
 13454 | Lair:5   | Killed a fire dragon
 13657 | Lair:5   | Reached skill level 12 in Spellcasting
 13697 | Lair:5   | Reached skill level 1 in Shields
 14387 | Lair:5   | Noticed a dire elephant
 14634 | Lair:5   | Killed a dire elephant
 14670 | Lair:5   | Gained mutation: Your touch may inflict irresistible damage
                  | on your foes. [demonic ancestry]
 14670 | Lair:5   | Reached XP level 14. HP: 95/95 MP: 17/30
 14684 | Lair:5   | Identified the staff of the Vestibule of Hell {^Contam
                  | rElec rPois Int+2 Dex+3 Alchemy}
 14876 | D:10     | Entered Level 10 of the Dungeon
 15024 | D:10     | Identified the +8 trident of Diet Blood {freeze, Int+5}
 15039 | D:10     | Identified the +4 sling "Kustri" {speed, rCorr Int+4}
 15097 | D:10     | Gained mutation: You have an increased reservoir of magic.
                  | (+10% MP) [Jiyva's grace]
 15097 | D:10     | Gained mutation: You have a considerably increased
                  | reservoir of magic. (+20% MP) [Jiyva's grace]
 15097 | D:10     | Gained mutation: You have a greatly increased reservoir of
                  | magic. (+30% MP) [Jiyva's grace]
 15097 | D:10     | Gained mutation: Your flesh is cold resistant. (rC+)
                  | [Jiyva's grace]
 15420 | D:10     | Noticed Grum
 15429 | D:10     | Killed Grum
 16007 | D:11     | Found a staircase to the Orcish Mines.
 17024 | D:12     | Found Ygraigeth's Jewellery Shop.
 17042 | D:12     | Lost mutation: Your mind is very acute. (Int +8, Str/Dex
                  | -2) [Jiyva's grace]
 17042 | D:12     | Gained mutation: You have a pair of small horns on your
                  | head. [Jiyva's grace]
 17042 | D:12     | Gained mutation: You have a pair of horns on your head.
                  | [Jiyva's grace]
 17042 | D:12     | Gained mutation: You have a pair of large horns on your
                  | head. [Jiyva's grace]
 17042 | D:12     | Gained mutation: Your translucent skin slightly reduces
                  | your foes' accuracy. (Stealth+) [Jiyva's grace]
 17316 | D:12     | Identified a scroll of acquirement
 17316 | D:12     | Acquired 872 gold pieces
 17376 | D:13     | Reached skill level 13 in Spellcasting
 17751 | D:13     | Found a portal to a secret trove of treasure.
 18785 | D:14     | Found Iletiul's Assorted Antiques.
 18815 | D:14     | Bought a scroll of teleportation for 69 gold pieces
 18882 | D:14     | Noticed Nessos
 18892 | D:14     | Killed Nessos
 18893 | D:14     | Reached skill level 1 in Staves
 18970 | D:14     | Gained mutation: You have hooves in place of feet. [demonic
                  | ancestry]
 18970 | D:14     | Reached XP level 15. HP: 96/101 MP: 14/42
 19113 | D:14     | Found a gate to the Vaults.
 19422 | D:15     | Entered Level 15 of the Dungeon
 19493 | D:15     | Reached skill level 14 in Spellcasting
 19522 | D:15     | Found a staircase to the Depths.
 19522 | D:15     | Lost mutation: You are mostly covered in large bone plates.
                  | (SH +6) [Jiyva's grace]
 19522 | D:15     | Lost mutation: Your mind is acute. (Int +4, Str/Dex -1)
                  | [Jiyva's grace]
 19522 | D:15     | Lost mutation: Your spells are harder to cast, but more
                  | powerful. [Jiyva's grace]
 19522 | D:15     | Lost mutation: Your body has grown many eyes which may
                  | confuse attackers. (Acc +5) [Jiyva's grace]
 19522 | D:15     | Gained mutation: Your flesh is very cold resistant. (rC++)
                  | [Jiyva's grace]
 19522 | D:15     | Gained mutation: Your flesh is almost immune to the effects
                  | of cold. (rC+++) [Jiyva's grace]
 19522 | D:15     | Gained mutation: Your spells are harder to cast, but more
                  | powerful. [Jiyva's grace]
 19522 | D:15     | Gained mutation: Your spells are much harder to cast, but
                  | much more powerful. [Jiyva's grace]
 19547 | D:15     | Identified the +9 trident "Urhymn" {holy, rElec rN+ Str-5
                  | SInv}
 20371 | Orc:1    | Entered Level 1 of the Orcish Mines
 20587 | Orc:2    | Entered Level 2 of the Orcish Mines
 20847 | Orc:1    | Found a dark tunnel.
 20887 | Volcano  | Entered a volcano
 21217 | Volcano  | Found a radiant altar of Vehumet.
 21467 | Orc:2    | Found Kamaps's Jewellery Shop.
 21471 | Orc:2    | Bought the brooch of Shielding {Spirit SH+8} for 780 gold
                  | pieces
 21471 | Orc:2    | Found the brooch of Shielding {Spirit SH+8}
 21502 | Orc:2    | Found a staircase to the Elven Halls.
 21587 | Orc:2    | Was placed under penance by Jiyva
 22201 | Abyss:2  | Was forgiven by Jiyva
 22201 | Abyss:2  | Cast into level 2 of the Abyss (orc knight)
 22221 | Orc:2    | Escaped the Abyss
 22243 | Orc:2    | Reached skill level 5 in Fighting
 22298 | Orc:2    | Found Noedwaotu's General Store.
 22298 | Orc:2    | Found Ehuig Moumm's Assorted Antiques.
 22334 | Orc:2    | Found Buobb's Armour Emporium.
 22334 | Orc:2    | Found Coceemek's Jewellery Emporium.
 22354 | Orc:2    | Bought a scroll of blinking for 195 gold pieces
 22464 | Elf:1    | Entered Level 1 of the Elven Halls
 22603 | Elf:1    | Found Dunakh's Assorted Antiques.
 22708 | Elf:1    | Bought a scroll of teleportation for 120 gold pieces
 22708 | Elf:1    | Bought a scroll of fear for 160 gold pieces
 22763 | Elf:1    | Paralysed by an air elemental for 1 turns
 22778 | Elf:1    | Paralysed by an air elemental for 1 turns
 22800 | Elf:1    | Noticed Jorgrun
 22806 | Elf:1    | Killed Jorgrun
 22974 | Elf:1    | Lost mutation: Your flesh is almost immune to the effects
                  | of cold. (rC+++) [Jiyva's grace]
 22974 | Elf:1    | Lost mutation: Your flesh is very cold resistant. (rC++)
                  | [Jiyva's grace]
 22974 | Elf:1    | Lost mutation: You have a greatly increased reservoir of
                  | magic. (+30% MP) [Jiyva's grace]
 22974 | Elf:1    | Lost mutation: Your spells are much harder to cast, but
                  | much more powerful. [Jiyva's grace]
 22974 | Elf:1    | Lost mutation: Your translucent skin slightly reduces your
                  | foes' accuracy. (Stealth+) [Jiyva's grace]
 22974 | Elf:1    | Gained mutation: You have a greatly increased reservoir of
                  | magic. (+30% MP) [Jiyva's grace]
 22974 | Elf:1    | Gained mutation: You have acidic saliva. [Jiyva's grace]
 22974 | Elf:1    | Gained mutation: Your rubbery body absorbs attacks. (AC +1,
                  | EV +1) [Jiyva's grace]
 22974 | Elf:1    | Gained mutation: Your pliable body absorbs attacks. (AC +2,
                  | EV +2) [Jiyva's grace]
 23082 | Elf:1    | Reached XP level 16. HP: 49/109 MP: 6/45
 23435 | Elf:1    | Reached skill level 5 in Armour
 23513 | Elf:1    | Noticed Frances
 23607 | Elf:1    | Reached skill level 15 in Spellcasting
 23744 | Elf:1    | Reached skill level 1 in Evocations
 24097 | Elf:1    | Killed Frances
 24408 | Snake:1  | Entered Level 1 of the Snake Pit
 24523 | Snake:1  | Noticed Roxanne
 24549 | Snake:1  | Killed Roxanne
 25233 | Snake:1  | Found Vagya's Armour Boutique.
 26039 | Snake:2  | Found a large runed translucent door.
 26047 | Snake:2  | Found a large runed translucent door.
 26051 | Snake:2  | Noticed LoggersVIII's ghost (adept OpEE)
 26124 | Snake:2  | Killed LoggersVIII's ghost
 26463 | Snake:2  | Lost mutation: You have a pair of large horns on your head.
                  | [demonic ancestry]
 26463 | Snake:2  | Lost mutation: You have a pair of horns on your head.
                  | [demonic ancestry]
 26463 | Snake:2  | Lost mutation: You have a pair of small horns on your head.
                  | [demonic ancestry]
 26463 | Snake:2  | Gained mutation: You have a pair of small antennae on your
                  | head. [demonic ancestry]
 26463 | Snake:2  | Reached XP level 17. HP: 96/115 MP: 23/47
 27160 | Swamp:1  | Entered Level 1 of the Swamp
 27180 | Swamp:1  | Reached skill level 5 in Shields
 27180 | Swamp:1  | Reached skill level 15 in Conjurations
 27409 | Swamp:1  | Lost mutation: You have a greatly increased reservoir of
                  | magic. (+30% MP) [Jiyva's grace]
 27409 | Swamp:1  | Lost mutation: Your spells are harder to cast, but more
                  | powerful. [Jiyva's grace]
 27409 | Swamp:1  | Lost mutation: Your body has grown eyes which may confuse
                  | attackers. (Acc +3) [Jiyva's grace]
 27409 | Swamp:1  | Lost mutation: Your pliable body absorbs attacks. (AC +2,
                  | EV +2) [Jiyva's grace]
 27409 | Swamp:1  | Gained mutation: You expend magic power (3 MP) to
                  | strengthen your wands. [Jiyva's grace]
 27409 | Swamp:1  | Gained mutation: You are strong-willed. (Will+) [Jiyva's
                  | grace]
 27409 | Swamp:1  | Gained mutation: You are highly strong-willed. (Will++)
                  | [Jiyva's grace]
 27409 | Swamp:1  | Gained mutation: You are extremely strong-willed. (Will+++)
                  | [Jiyva's grace]
 27550 | Swamp:1  | Reached skill level 16 in Spellcasting
 27942 | Swamp:2  | Identified the +2 short sword of a bailey {spect, Str+2}
 28127 | Swamp:2  | Reached skill level 15 in Earth Magic
 28740 | Snake:2  | HP: 3/116 [salamander/+1 antimagic glaive (7)]
 28740 | Snake:2  | Mangled by a naga warrior

Illustrated notes

Levels and vault maps discovered:
D:1:      dpeg_arrival_windows_large_door, layout_rooms
D:2:      kennysheep_big_flooded_room, layout_basic, st_stairs_10,
          nicolae_figureground_pulse
D:3:      layout_loops_ring, nicolae_underground_beach
D:4:      layout_gridville, lemuel_doored_altar, uniq_pikel
D:5:      layout_loops_ring
D:6:      layout_loops_ring, gup_sewer_entry_pipe, uniq_prince_ribbit1
D:7:      cheibrodos_shockbox, layout_rooms, temple_hall
D:8:      minmay_skewed_foursquare, layout_loops_cross, uniq_erica, uniq_maggie
D:9:      layout_roguey, nicolae_wu_jian_immortal_techniques,
          grunt_lair_entry_orc_guard_hut, nicolae_shop_clearance
D:10:     layout_stronghold, kennysheep_crisscross, uniq_grum
D:11:     layout_roguey, david_orc_3, lemuel_flame_loot_1
D:12:     layout_basic, serial_shops, nicolae_stop_n_shop_1
D:13:     minmay_triangles_in_corner, layout_basic, nicolae_trove_entry_crystal
D:14:     layout_small_grid, hellmonk_vaults_attempted_burglary, serial_shops,
          shop, uniq_nessos
D:15:     hangedman_depths_entry_civil_slaughter, layout_loops_ring,
          minmay_misc_feat_hallway, drop_trap
Lair:1:   layout_layer_cave, gammafunk_ghost_grave, basic_altar
Lair:2:   layout_cave_pods, palyth_hydra_swamp_entry,
          minmay_snake_entry_six_corridors, guppyfry_lair_drakes, uniq_gastronok
Lair:3:   layout_roguey, gammafunk_ghost_berserking_beasts, serial_bayou_ford_a,
          chequers_serial_rivers_micro_d
Lair:4:   layout_cave_pods, slime_entry_1, serial_bayou_pond_a,
          beast_lair_carwin_10, grunt_megastairs_5
Lair:5:   hangedman_lair_in_review, layout_concentric_octagons, wormcave,
          portal_ice_cave_entry_pillars_1, small_statue_intersection
Swamp:1:  layout_falls_marsh, evilmike_swamp_ruin_house_3
Swamp:2:  layout_falls_marsh, serial_swamp_ruin, evilmike_swamp_ruin_rubble_2,
          hangedman_swamp_ruin_wall, evilmike_swamp_ruin_wall, swamp_pool_4,
          nicolae_swamp_tree_designs
Snake:1:  layout_honeycomb, serial_bayou, serial_bayou_pond_d,
          serial_bayou_pond_a, serial_bayou_pond_c, serial_bayou_pond_e,
          minmay_shop_star, uniq_roxanne
Snake:2:  layout_basic, serial_shops, shop, ebering_ghost_disaster_area
Snake:3:  layout_gridlike, serial_shops, nicolae_shop_back_alley_shop,
          nicolae_snake_springs, uniq_asterion
Orc:1:    layout_caves, enter_volcano_2
Orc:2:    st_orc_elflike, layout_caves, serial_shops,
          nicolae_shop_hallway_stairs
Elf:1:    layout_geoelf_octagon, serial_shops, nicolae_shop_statue_plus,
          evilmike_minifort, eino_tiny_chamber, lemuel_upstairs_altar,
          uniq_frances, uniq_jorgrun

Skill      XL: |  1  2  3  4  5  6  7  8  9 10 11 12 13 14 15 16 17 |
---------------+----------------------------------------------------+-----
Stealth        | 2 3 4 5 6 7 8 |  8.0
Earth Magic    | 3 4 5 6 7 8 9 10 11 12 13 14 15 | 15.1
Dodging        | 2 3 4 5 6 7 8 |  8.5
Spellcasting   | 3 4 5 6 7 9 10 11 12 13 14 15 16 | 16.2
Conjurations   | 2 3 4 6 7 8 10 11 12 13 14 15 | 15.3
Fighting       | 1 2 3 4 5 |  5.7
Short Blades   | 1 2 3 |  3.5
Armour         | 1 3 4 5 |  5.1
Shields        | 2 3 4 5 |  5.2
Staves         | 1 2 |  2.4
Evocations     | 1 |  1.4
Translocations | |  0.2
Alchemy        | |  0.2

Action                     |  1- 3 |  4- 6 |  7- 9 | 10-12 | 13-15 | 16-18 || total
---------------------------+-------+-------+-------+-------+-------+-------++-------
  Melee: Unarmed           |     1 |       |       |       |       |       ||     1
         Dagger            |     4 |    27 |    62 |   125 |   115 |       ||   333
         Touch             |     1 |     5 |     9 |    30 |    66 |    39 ||   150
         Kick              |       |       |    19 |    57 |   139 |    73 ||   288
         Punch             |       |       |     3 |     1 |     1 |     1 ||     6
         Pseudopods        |       |       |       |    29 |       |       ||    29
         Staff             |       |       |       |       |   157 |   140 ||   297
         Headbutt          |       |       |       |       |    43 |    39 ||    82
         Bite              |       |       |       |       |     2 |    21 ||    23
   Cast: Sandblast         |    52 |    33 |       |       |       |       ||    85
         Stone Arrow       |       |     7 |   101 |   306 |   883 |   638 ||  1935
         Petrify           |       |       |       |       |     2 |       ||     2
         Blink             |       |       |       |       |     1 |       ||     1
         Passwall          |       |       |       |       |     1 |       ||     1
  Evoke: Wand              |       |       |       |     5 |     3 |    10 ||    18
    Use: Potion            |       |     5 |       |       |     9 |    15 ||    29
         Scroll            |       |     1 |     3 |    17 |    10 |     7 ||    38
   Stab: Sleeping          |     2 |     3 |    14 |    13 |     7 |       ||    39
         Confused          |       |       |       |     4 |     7 |     2 ||    13
         Distracted        |       |       |       |       |     1 |       ||     1
 Armour: Robe              |    28 |    31 |    51 |       |       |       ||   110
         Leather armour    |       |       |       |   241 |   630 |   353 ||  1224
         Steam dragon scal |       |       |       |    17 |       |       ||    17
  Dodge: Dodged            |    20 |    31 |    39 |   211 |   521 |   459 ||  1281
  Block: Other             |       |       |       |     1 |   226 |   304 ||   531
